 Dungeon Crawl Stone Soup version 0.23.0-2-g0fe3ce5 (console) character file.

Game seed: 4256544263986646868

1411 bli the Chopper (level 9, -1/68 HPs)
             Began as a Formicid Abyssal Knight on Feb 19, 2019.
             Was a Priest of Lugonu.
             Slain by an orc warrior
             ... wielding a +0 hand axe
              (16 damage)
             ... on level 6 of the Dungeon.
             The game lasted 00:20:29 (6538 turns).

bli the Chopper (Formicid Abyssal Knight)           Turns: 6538, Time: 00:20:30

Health: -1/68      AC:  5    Str: 18    XL:     9   Next: 1%
Magic:  10/10      EV: 10    Int: 12    God:    Lugonu [***...]
Gold:   364        SH:  9    Dex: 12    Spells: 8/8 levels left

rFire    . . .     SeeInvis +   a - +3 flail
rCold    . . .     Gourm    .   f - +0 shield
rNeg     . . .     Faith    .   w - +0 leather armour
rPois    .         Spirit   .   (helmet unavailable)
rElec    .         Reflect  .   F - +0 cloak
rCorr    .         Harm     .   r - +0 pair of gloves
MR       .....                  (no boots)
Stlth    +.........             (no amulet)
HPRegen  0.21/turn              u - ring of teleportation (curse)
MPRegen  0.12/turn              (no ring)

@: lethally poisoned (-1 -> -2)
A: permanent stasis, dig shafts and tunnels, four strong arms, antennae 3
a: Dig, Shaft Self, Depart the Abyss, Bend Space, Banish, Renounce Religion


You were on level 6 of the Dungeon.
You worshipped Lugonu.
Lugonu was most pleased with you.
You were hungry.

You visited 1 branch of the dungeon, and saw 7 of its levels.
You visited the Abyss 1 time.

You collected 364 gold pieces.

Inventory:

Hand Weapons
 a - a +3 flail (weapon)
 b - a +0 mace of holy wrath
 q - a +0 war axe
 v - a +1 hand axe
Missiles
 m - 237 stones (quivered)
 B - 35 sling bullets
 D - 13 poisoned needles
Armour
 f - a +0 shield (worn)
 j - a +0 scale mail
 n - a +0 cloak
 o - a +0 ring mail
 r - a +0 pair of gloves (worn)
 w - a +0 leather armour (worn)
 y - a +0 chain mail
 F - a +0 cloak (worn)
Jewellery
 u - a cursed ring of teleportation (left hand)
 I - an uncursed amulet of magic regeneration {unknown}
Wands
 e - a wand of enslavement (12)
 s - a wand of acid (8)
 A - a wand of digging (5)
 H - a wand of paralysis (9)
Scrolls
 d - 4 scrolls of fog
 g - 5 scrolls of amnesia {unknown}
 h - a scroll of blinking
 i - a scroll of noise {unknown}
 l - 8 scrolls of identify {unknown}
 p - 2 scrolls of enchant armour {unknown}
 C - 2 scrolls of immolation {unknown}
Potions
 k - 3 potions of heal wounds
 t - 2 potions of lignification {unknown}
 x - a potion of ambrosia {unknown}
 z - a potion of haste {unknown}
 E - a potion of brilliance {unknown}
 G - a potion of berserk rage {unknown}
Comestibles
 c - 12 rations
 J - 5 chunks of flesh


   Skills:
 + Level 5.0 Fighting
 + Level 5.8(7.0) Axes
 * Level 5.7(6.9) Maces & Flails
 + Level 3.5 Armour
 + Level 2.2 Dodging
 * Level 4.6 Shields
 - Level 2.1 Invocations
 + Level 0.3 Evocations


You had 8 spell levels left.
You didn't know any spells.
Your spell library contained the following spells:

 Spells                   Type           Power        Failure   Level  Hunger
 Gell's Gravitas          Tloc           #.........   97%         3    ####...
 Portal Projectile        Hex/Tloc       #.....       97%         3    ####...
 Force Lance              Conj/Tloc      #.......     100%        4    #####..
 Dispersal                Tloc           #.........   100%        6    #######
 Disjunction              Tloc           #.........   100%        8    #######
 Controlled Blink         Tloc           Unusable     N/A         8    N/A

Dungeon Overview and Level Annotations

Branches:
Dungeon (7/15)             Temple (0/1) D:4

Altars:
Elyvilon
Gozag
Qazlal
Trog
Yredelemnul
Zin


Innate Abilities, Weirdness & Mutations

You cannot be hasted, slowed, berserked, paralysed or teleported.
You can dig through walls and to a lower floor.
Your four strong arms can wield two-handed weapons with a shield.
You have a pair of large antennae on your head. (SInv)


Message History

The orc hits you with a +0 dagger.
* * * LOW HITPOINT WARNING * * *
You barely miss the orc.
The orc is lightly wounded.
You feel sick.
An orc priest comes into view. It is wielding a +0 dagger.
You block the orc's attack.
An orc comes into view.
The orc hits you with a +0 dagger.
* * * LOW HITPOINT WARNING * * *
The orc hits you but does no damage.
You sock the quokka skeleton!
You destroy the quokka skeleton!
Lugonu accepts your kill.
You feel sick.
Your shield prevents you from hitting the orc warrior.
You block the orc warrior's attack.
You barely miss the orc warrior.
The orc warrior hits you with a +0 hand axe!
You die...

........##.....#........#........
........###......................
......(..#...##.......##..#......
.............#......#............
.............#......#....(##.....
...##########.................>..
#..# { #..............<..... ...#
{ #.........#......>... #..# {
{#.##.....##.......... ..#
#.##.................
{#.oo@.....##...#..... {
#.÷###.#####...##.?..
#†###...####.... ....
#..#{.......... .... ####
#{{.#.## .. ≈≈≈ #......# .#
[≈≈#≈#≈####....### #
..≈.≈≈≈≈≈.oo.w....#
......≈)...........
.....................
.....................


You could see an orc warrior and an orc.

Vanquished Creatures
  Eustachio (D:6)
  A human (D:4)
  An ice beast (D:7)
  A black bear (D:7)
  A phantom (D:6)
  2 ogres
  Blork the orc (D:4)
  2 bullfrogs (D:6)
  A howler monkey (D:5)
  2 crimson imps
  A hound (D:4)
  A bullfrog skeleton (D:5)
  A jelly (D:6)
  An orc wizard (D:4)
  3 worker ants
  A hound zombie (D:5)
  A howler monkey zombie (D:5)
  7 adders
  A river rat (D:6)
  2 oozes
  2 adder skeletons
  2 worms
  A dart slug (D:1)
  4 leopard geckos
  10 orcs
  3 ball pythons
  5 giant cockroaches
  10 goblins
  7 hobgoblins
  4 jackals (D:3)
  A quokka (D:4)
  4 bats
  8 frilled lizards
  A jackal skeleton (D:4)
  9 kobolds
  2 quokka skeletons
  A quokka zombie (D:5)
  12 rats
118 creatures vanquished.

Notes
Turn   | Place    | Note
-------+----------+-------------------------------------------
     0 | Abyss:1  | bli the Formicid Abyssal Knight began the quest for the
                  | Orb.
     0 | Abyss:1  | Reached XP level 1. HP: 18/18 MP: 2/2
    21 | Abyss:1  | Found a corrupted altar of Lugonu.
    90 | Abyss:1  | Noticed a ynoxinul
   132 | D:1      | Escaped the Abyss
   429 | D:1      | Reached XP level 2. HP: 21/24 MP: 3/3
   437 | D:1      | Reached * piety under Lugonu
   613 | D:1      | Reached XP level 3. HP: 24/29 MP: 4/4
  1499 | D:2      | Found an opulent altar of Gozag.
  1580 | D:2      | Reached XP level 4. HP: 35/35 MP: 5/5
  1616 | D:2      | Found a bloodstained altar of Trog.
  1887 | D:3      | Reached ** piety under Lugonu
  2256 | D:3      | Noticed a moth of wrath
  2258 | D:3      | Found a bloodstained altar of Trog.
  2559 | D:3      | Reached skill level 1 in Shields
  2559 | D:3      | Reached XP level 5. HP: 8/41 MP: 6/6
  2877 | D:3      | Reached skill level 5 in Axes
  3056 | D:4      | Noticed Blork the orc
  3058 | D:4      | Noticed an ogre
  3066 | D:4      | Found a staircase to the Ecumenical Temple.
  3262 | D:4      | Reached *** piety under Lugonu
  3369 | D:4      | Noticed a human
  3370 | D:4      | Found a runed translucent door.
  3374 | D:4      | Found a basalt altar of Yredelemnul.
  3559 | D:4      | Reached XP level 6. HP: 47/47 MP: 7/7
  3588 | D:4      | Killed an ogre
  3700 | D:4      | Reached skill level 1 in Maces & Flails
  3997 | D:4      | Killed Blork the orc
  3997 | D:4      | Reached XP level 7. HP: 42/53 MP: 8/8
  4395 | D:4      | Killed a human
  4553 | D:5      | Entered Level 5 of the Dungeon
  4912 | D:5      | Reached skill level 1 in Dodging
  5282 | D:5      | Reached XP level 8. HP: 44/60 MP: 9/9
  5857 | D:6      | Noticed Eustachio
  6312 | D:6      | HP: 3/61 [rat[Eustachio] (2)]
  6312 | D:6      | HP: 1/61 [rat[Eustachio] (2)]
  6313 | D:6      | Killed Eustachio
  6313 | D:6      | Reached skill level 5 in Maces & Flails
  6409 | D:6      | Found a stormy altar of Qazlal.
  6416 | D:6      | Found a glowing silver altar of Zin.
  6419 | D:6      | Found a white marble altar of Elyvilon.
  6468 | D:6      | Reached skill level 5 in Fighting
  6490 | D:6      | Reached XP level 9. HP: 25/68 MP: 10/10
  6538 | D:6      | Slain by an orc warrior

Skill      XL: |  1  2  3  4  5  6  7  8 |
---------------+-------------------------+-----
Axes           | 3 4 5 |  5.8
Shields        | 1 2 3 4 |  4.6
Maces & Flails | 1 3 5 |  5.7
Armour         | 3 |  3.5
Fighting       | 4 5 |  5.0
Dodging        | 1 2 |  2.2
Invocations    | |  2.1
Evocations     | |  0.3

Action                   |  1- 3 |  4- 6 |  7- 9 || total
-------------------------+-------+-------+-------++-------
Melee: Hand axe          |    95 |   165 |       ||   260
       Mace              |       |     5 |     7 ||    12
       Flail             |       |    52 |   158 ||   210
Throw: Stone             |       |     3 |     7 ||    10
Invok: Depart the Abyss  |     1 |       |       ||     1
       Bend Space        |       |       |     1 ||     1
 Abil: Dig               |       |     2 |       ||     2
Evoke: Wand              |       |       |     5 ||     5
  Use: Scroll            |       |     4 |       ||     4
       Potion            |       |     1 |       ||     1
  Eat: Chunk             |     2 |     8 |     8 ||    18
Armor: Leather armour    |    22 |    67 |    52 ||   141
Dodge: Dodged            |    55 |   107 |    79 ||   241
Block: Shield            |       |    10 |    95 ||   105
